 Dungeon Crawl Stone Soup version 0.30-a0-578-gdee14c521f (webtiles) character file.

Game seed: 4298359878666630415

16 Zonian the Sneak (level 2, 0/15 HPs)
             Began as a Vine Stalker Brigand on Dec 31, 2022.
             Slain by an endoplasm (2 damage)
             ... on level 1 of the Dungeon.
             The game lasted 00:00:45 (194 turns).

Zonian the Sneak (Vine Stalker Brigand)              Turns: 194, Time: 00:00:46

Health: 0/15       AC:  3    Str: 13    XL:     2   Next: 58%
Magic:  0/3        EV: 12    Int: 11    God:
Gold:   39         SH:  0    Dex: 15    Spells: 1/1 levels left

rFire   . . .      SeeInvis .    a - +2 dagger
rCold   . . .      Faith    .    (no shield)
rNeg    . . .      Spirit   +    b - +0 robe
rPois   .          Reflect  .    (no helmet)
rElec   .          Harm     .    c - +0 cloak
rCorr   .          Rampage  .    (no gloves)
Will    .....                    (no boots)
Stlth   +++                      (no amulet)
HPRegen 0.22/turn                (no ring)
MPRegen 0.08/turn                (no ring)

@: no status effects
A: fangs 2, magic shield, antimagic bite, no potion heal 2
a: no special abilities


You were on level 1 of the Dungeon.
You visited 1 branch of the dungeon, and saw 1 of its levels.

You collected 39 gold pieces.

Inventory:

Hand Weapons
 a - a +2 dagger (weapon)
Missiles
 d - 9 poisoned darts (quivered)
 e - 3 curare-tipped darts
Armour
 b - a +0 robe (worn)
 c - a +0 cloak (worn)
Scrolls
 h - a scroll of identify {unknown}
Potions
 f - a potion of might {unknown}
 g - a potion of berserk rage {unknown}


   Skills:
 + Level 2.0 Fighting
 + Level 2.0 Short Blades
 + Level 2.0 Throwing
 + Level 1.1 Dodging
 + Level 5.0 Stealth


You had one spell level left.
You didn't know any spells.
Your spell library was empty.

Dungeon Overview and Level Annotations

Branches:
Dungeon (1/15)

Altars:


Innate Abilities, Weirdness & Mutations

You have extremely sharp teeth.
When hurt, damage is shared between your health and your magic reserves.
Your bite disrupts and absorbs the magic of your enemies.
Potions cannot restore your health.


Message History

The ball python constricts you.
You hit the ball python.
The ball python is severely wounded.
The ball python bites you. The ball python constricts you.
The rat bites you but does no damage.
An endoplasm comes into view.
The ball python barely misses you. The ball python constricts you.
You hit the ball python.
You kill the ball python!
The rat bites you.
You hit the rat. Your bite misses the rat.
The rat is moderately wounded.
The endoplasm quivers.
The rat bites you.
You hit the rat but do no damage.
The rat is moderately wounded.
The endoplasm freezes you.
You are frozen.
The rat misses you.
You are too injured to fight recklessly!
You are too injured to fight recklessly!
You are too injured to fight recklessly!
You are too injured to fight recklessly!
You barely miss the rat.
The rat is moderately wounded.
The endoplasm hits you but does no damage.
The rat barely misses you.
You hit the rat.
You kill the rat!
Found a scroll labelled OKURISOSMU.
The endoplasm freezes you.
You are frozen.
The endoplasm hits you but does no damage.
You barely miss the endoplasm. You bite the endoplasm. You drain its power.
You feel invigorated.
The endoplasm is heavily wounded.
The endoplasm freezes you.
You are frozen.
* * * LOW HITPOINT WARNING * * *
The endoplasm hits you.
You die...

#. .# # ##.####.#
.# .....?..##.#
..........##
........... #.>
..... #.# #J.#####
#######.###@.....#
...........J####.#
######.##..#
#.##..# #.#
#.##..# #.#
#.##..# #.#
###.##..# #.#
#...##..# #.#
#(####..# #.##


You could see 2 endoplasms.

Vanquished Creatures
  A ball python (D:1)
  2 endoplasms (D:1)
  A goblin (D:1)
  4 hobgoblins (D:1)
  A quokka (D:1)
  A bat (D:1)
  A kobold (D:1)
  4 rats (D:1)
15 creatures vanquished.

Notes
Turn   | Place    | Note
-------+----------+-------------------------------------------
     0 | D:1      | Zonian the Vine Stalker Brigand began the quest for the
                  | Orb.
     0 | D:1      | Reached XP level 1. HP: 11/11 MP: 2/2
    77 | D:1      | Reached skill level 1 in Dodging
    77 | D:1      | Reached XP level 2. HP: 15/15 MP: 3/3
   112 | D:1      | Reached skill level 5 in Stealth
   194 | D:1      | Slain by an endoplasm

Illustrated notes

Levels and vault maps discovered:
D:1:      mrwooster_arrival_statue, layout_loops_ring

Skill      XL: |  1  2 |
---------------+-------+-----
Dodging        | 1 |  1.1
Stealth        | 5 |  5.0
Short Blades   | 2 |  2.0
Throwing       | 2 |  2.0
Fighting       | 2 |  2.0

Action                   || total
-------------------------++-------
Melee: Dagger            ||    32
       Bite              ||     4
 Stab: Sleeping          ||     7
Armor: Robe              ||     8
Dodge: Dodged            ||     9

Table legend: (Time is in decaauts)
 A = Elapsed time spent in this place.
 B = Non-inter-level travel time spent in this place.
 C = Inter-level travel time spent in this place.
 D = Time resting spent in this place.
 E = Time spent auto-exploring this place.
 F = Levels seen in this place.
 G = Mean time per level.
                   A        B        C        D        E       F      G
               +--------+--------+--------+--------+--------+-----+--------+
         Total |    190 |    190 |      0 |      0 |     98 |   1 |  190.0 |
       Dungeon |    190 |    190 |      0 |      0 |     98 |   1 |  190.0 |
               +--------+--------+--------+--------+--------+-----+--------+

Top non-repeatable levels by time:
     D:1: 190 daAuts
